 Dungeon Crawl Stone Soup version 0.31.0-32-g396128a36d (webtiles) character file.

Game seed: 14862451702082496868

98 ratatoskos the Scratcher (level 4, -3/22 HPs)
             Began as a Felid Shapeshifter on Apr 14, 2024.
             Slain by an adder (4 damage)
             ... on level 2 of the Dungeon.
             The game lasted 00:04:41 (2165 turns).

ratatoskos the Scratcher (Felid Shapeshifter)       Turns: 2165, Time: 00:04:42

Health: -3/22      AC:  1    Str:  9 (12) XL:     4   Next: 43%
Magic:  5/5        EV: 18    Int: 11 (14) God:
Gold:   64         SH:  0    Dex: 14 (15) Spells: 3/3 levels left
                                        Lives:  0   Deaths: 2

rFire   . .          .
                       - Unarmed
rCold   . . .        (shield unavailable)
rNeg    . . .        (body armour unavailable)
rPois   .            (helmet unavailable)
rElec   .            (cloak unavailable)
rCorr   .            (gloves unavailable)
SInv    +            (boots unavailable)
Will    +....        (no amulet)
Stlth   +            (no ring)
HPRegen 0.23/turn    (no ring)
MPRegen 0.09/turn

%: no passive effects
@: lethally poisoned (-3 -> -6), beast-form, enlightened, flying, invisible
A: beast (slay +2), very small, claws 1, fangs 3, see invisible, shaggy fur 1,
stealthy paws, no weapons or thrown items, no armour, multi-lived
a: Begin Untransformation


You were on level 2 of the Dungeon.
You were a hulking beast.
You visited 1 branch of the dungeon, and saw 3 of its levels.

You collected 64 gold pieces.

Inventory:

Talismans
 b - a beast talisman
 c - a flux talisman
 j - a blade talisman
Scrolls
 d - a scroll of revelation {unknown}
 g - a scroll of enchant armour {unknown}
 i - a scroll of blinking {unknown}
 k - a scroll of noise {unknown}
 l - a scroll of amnesia {unknown}
 m - a scroll of poison {unknown}
Potions
 a - a potion of lignification
 e - a potion of enlightenment
 h - a potion of degeneration


   Skills:
 - Level 1.0 Fighting
 + Level 3.9 Dodging
 - Level 4.0 Unarmed Combat
 + Level 3.5 Shapeshifting


You had 3 spell levels left.
You didn't know any spells.
Your spell library contained the following spells:

 Spells                   Type           Power      Damage    Failure   Level
 Apportation              Tloc           0%         N/A       34%         1
 Necrotise                Necr           0%         1d4       34%         1
 Sting                    Conj/Alch      0%         1d3       34%         1
 Summon Small Mammal      Summ           0%         N/A       34%         1
 Fugue of the Fallen      Necr           0%         N/A       71%         3
 Ozocubu's Armour         Ice            0%         N/A       71%         3
 Manifold Assault         Tloc           0%         N/A       98%         4


Dungeon Overview and Level Annotations

Branches:
Dungeon (3/15)

Altars:
Fedhas

Annotations:
D:3 Terence


Innate Abilities, Weirdness & Mutations

You are a hulking beast.
Your limbs bulge with bestial killing power. (Slay +2)
You have sharp claws.
You have razor-sharp teeth.
You have supernaturally acute eyesight. (SInv)
You are covered in fur. (AC +1)
Your paws help you pounce on unaware monsters.
You are incapable of wielding weapons or throwing items.
You cannot wear armour.
You gain extra lives every three experience levels.


Message History

You feel sick. The adder bites you.
You are more poisoned.
The adder poisons you!
You miss the adder. Your bite misses the adder.
The adder is heavily wounded.
You feel sick. The adder completely misses you.
You miss the adder.
The adder is heavily wounded.
You feel sick. The adder bites you.
You are lethally poisoned!
The adder poisons you!
You barely miss the adder.
The adder is heavily wounded.
You feel very sick. The adder bites you but does no damage.
You scratch the adder.
The adder is severely wounded.
You feel sick. The adder misses you. The adder bites you.
* * * LOW HITPOINT WARNING * * *
You miss the adder.
The adder is severely wounded.
* * * LOW HITPOINT WARNING * * *
You feel sick. The adder completely misses you.
It was a potion of enlightenment.
You feel very buoyant.
You fly up into the air.
* * * LOW HITPOINT WARNING * * *
You feel sick. The adder barely misses you.
Unknown command.
It was a potion of degeneration.
There was something very wrong with that liquid.
You feel weakened.
You feel dopey.
You feel clumsy.
* * * LOW HITPOINT WARNING * * *
You feel sick. The adder completely misses you.
Unknown command.
It was a potion of invisibility.
You fade into invisibility!
* * * LOW HITPOINT WARNING * * *
You feel sick. The adder bites you.
You die...

.# #....#.....#.....#..#..# #
#.##.#######.##).#..#..#
########.##.##.####.##..#.....#
.........##.##.......<..##.#..#
.##########.##.####.##..#....)#
.# #.# #.#...#..#(.# .# #.#
####.#.#.#..#..# .# #.#
#.S.........#..# .# #.#
#h##.#.######..# .#
#.##.........†.# [#
#.##...#######g# .#####
#.##...##......# .....#
#.##...##.###### ####.#
#.##...)....# #.# #.###.....#.#
#.###########.....#####.#
#.......................#


You could see an adder (unable to see you).

Vanquished Creatures
  3 gnolls
  2 adders (D:2)
  A ribbon worm (D:2)
  2 dart slugs (D:1)
  An endoplasm (D:3)
  A giant cockroach (D:2)
  9 goblins
  6 hobgoblins (D:1)
  A jackal (D:2)
  2 quokkas
  2 ball pythons (D:1)
  5 bats
  4 frilled lizards
  2 kobolds
  3 rats
44 creatures vanquished.

Notes
Turn   | Place    | Note
-------+----------+-------------------------------------------
     0 | D:1      | ratatoskos the Felid Shapeshifter began the quest for the
                  | Orb.
     0 | D:1      | Reached XP level 1. HP: 10/10 MP: 2/2
   151 | D:1      | Reached XP level 2. HP: 13/14 MP: 3/3
   492 | D:1      | Reached XP level 3. HP: 15/18 MP: 4/4
   989 | D:2      | Slain by a gnoll
   989 | D:2      | Lost a life (0 lives remaining)
  1316 | D:2      | Reached XP level 4. HP: 22/22 MP: 5/5
  1316 | D:2      | Gained a life (1 life remaining)
  1405 | D:2      | You fall into a shaft and drop 1 floor!
  1428 | D:3      | Found a blossoming altar of Fedhas.
  1437 | D:3      | Noticed Terence
  1460 | D:3      | Slain by Terence
  1460 | D:3      | Lost a life (0 lives remaining)
  1762 | D:2      | Reached skill level 4 in Unarmed Combat
  2165 | D:2      | HP: 1/22 [poisoned by an adder]
  2165 | D:2      | Slain by an adder

Illustrated notes

Levels and vault maps discovered:
D:1:      wheals_arrival_shading, layout_loops_ring,
          dreamdust_princess_corridor, hex_tiny, minivault_24
D:2:      minmay_alternating_diamond, layout_basic
D:3:      layout_rooms, fedhas_altar_1, fountainhead,
          minmay_randomly_rotated_circles, uniq_grinder, uniq_terence

Skill      XL: |  1  2  3  4 |
---------------+-------------+-----
Dodging        | 3 |  3.9
Shapeshifting  | 3 |  3.5
Unarmed Combat | 4 |  4.0
Fighting       | |  1.0

Action                     |  1- 3 |  4- 6 || total
---------------------------+-------+-------++-------
  Melee: Unarmed           |    80 |    46 ||   126
         Bite              |     4 |     4 ||     8
         Punch             |     1 |     1 ||     2
    Use: Potion            |       |     3 ||     3
   Stab: Sleeping          |     2 |       ||     2
 Armour: Skin              |    31 |    29 ||    60
  Dodge: Dodged            |    54 |    45 ||    99
